 Dungeon Crawl Stone Soup version 0.28.0 (webtiles) character file.

Game seed: 14102359201044750382

8 GrayStillPlays the Skirmisher (level 2, 16/24 HPs)
             Began as a Demonspawn Fighter on Feb 13, 2022.
             Quit the game on level 1 of the Dungeon.
             The game lasted 00:00:18 (120 turns).

GrayStillPlays the Skirmisher (Demonspawn Fighter)   Turns: 120, Time: 00:00:18

Health: 16/24      AC:  6    Str: 16    XL:     2   Next: 0%
Magic:  2/2        EV:  8    Int:  9    God:
Gold:   0          SH:  4    Dex: 12    Spells: 1/1 levels left

rFire   . . .      SeeInvis .   a - +0 war axe {axe}
rCold   . . .      Faith    .   c - +0 buckler
rNeg    . . .      Spirit   .   b - +0 scale mail
rPois   .          Reflect  .   (no helmet)
rElec   .          Harm     .   (no cloak)
rCorr   .          Rampage  .   (no gloves)
Will    .....                   (no boots)
Stlth   ..........              (no amulet)
HPRegen 0.08/turn               (no ring)
MPRegen 0.08/turn               (no ring)

@: no status effects
A: demonic guardian 1
a: no special abilities


You were on level 1 of the Dungeon.
You visited 1 branch of the dungeon, and saw 1 of its levels.


Innate Abilities, Weirdness & Mutations

A weak demonic guardian rushes to your aid.


   Skills:
 + Level 3.1 Fighting
 + Level 2.0 Axes
 + Level 2.8 Armour
 + Level 2.8 Shields


You had one spell level left.
You didn't know any spells.
Your spell library was empty.

Inventory:

Hand Weapons
 a - a +0 war axe (weapon) {axe}
Missiles
 f - 2 poisoned darts (quivered) {throwing}
Armour
 b - a +0 scale mail (worn)
 c - a +0 buckler (worn)
Scrolls
 e - a scroll of vulnerability {unknown}
Potions
 d - a potion of might

Dungeon Overview and Level Annotations

Branches:
Dungeon (1/15)

Altars:

...# # #..# . #..# .
... ### # ..# ##'## #
#.# ##...## # #)#
##.....## # #.
#@###.......## ##
##...#.##.........####.
#.....†.'.........'....
##...#.##.........####.
#..##.###.......## #.
.$.. ..# ##.....## ##
##.. #### ##...## # #.
##+## # #. #


There were no monsters in sight!


Message History

🤖 Initializing magus.rc ...
Options error: Delay interrupt name "hungry" not recognised. (~/.crawlrc:4770) Options error: Bad monster_list_colour key: strict_neutral (~/.crawlrc:4785) ✅ Successfully initialized magus.rc [v1.9.6] Welcome, GrayStillPlays the Demonspawn Fighter.
Will you be the one to retrieve the wondrous Orb of Zot from the depths?
Press ? for a list of commands and other information.
Found a scroll labelled SEAS LAUTOA.
Found an escape hatch in the floor.
Found a staircase leading out of the dungeon.
e - a scroll labelled SEAS LAUTOA Key pressed, stopping explore.
An endoplasm comes into view.
A giant cockroach comes into view.
There are monsters nearby!
There are monsters nearby!
There are monsters nearby!
You slash the endoplasm!
You kill the endoplasm!
You hit the giant cockroach. The giant cockroach bites you.
The giant cockroach completely misses you. 😕 HP[-2]
You take 2 damage, and now have 16/18 hp.
You hit the giant cockroach.
You kill the giant cockroach!
No target in view!
No target in view!
No target in view!
f - 2 poisoned darts {throwing} 😎 HP[+2]
Your hp is fully restored (18).
As you open the door, it creaks loudly!
There is an open door here.
You open the door. You open the door.
A ball python comes into view.
The ball python hisses angrily.
A ball python is nearby!
There is an open door here.
A kobold comes into view. It is wielding a +0 club.
The kobold shouts!
A giant cockroach comes into view.
The ball python bites you.
The ball python barely misses you. 😕 HP[-3]
You take 3 damage, and now have 15/18 hp.
There are monsters nearby!
You hit the ball python but do no damage.
The kobold throws a stone.
The stone hits you but does no damage.
The ball python bites you but does no damage.
You block the ball python's attack.
You slash the ball python!
You kill the ball python!
You hit the giant cockroach.
You kill the giant cockroach!
A hobgoblin comes into view.
The hobgoblin shouts!
The kobold hits you but does no damage.
You see here a giant cockroach corpse.
You miss the kobold. The kobold hits you with a +0 club.
You block the kobold's attack. 😮 HP[-3]
You take 3 damage, and now have 12/18 hp.
You are too injured to fight recklessly!
You are too injured to fight recklessly!
You are too injured to fight recklessly!
You are too injured to fight recklessly!
You are too injured to fight recklessly!
You are too injured to fight recklessly!
Unknown command.
You closely miss the kobold. The kobold barely misses you.
You completely miss the kobold. The kobold closely misses you.
The kobold hits you but does no damage.
You hit the kobold. You block the kobold's attack.
You slash the kobold!
You kill the kobold!
The hobgoblin barely misses you.
You hit the hobgoblin.
The hobgoblin hits you but does no damage.
You hit the hobgoblin.
You kill the hobgoblin!
Your Axes skill increases to level 2!
You have reached level 2!
Your demonic ancestry asserts itself...
You feel the presence of a demonic guardian. 😮 HP[+4] MP[+1]
You now have 24 max hp (+6).
You regained 4 hp, and now have 16/24 hp.
Your mp is fully restored (2).
Autopickup is now off.
Autopickup is now on.
Are you sure you want to abandon this character and quit the game? (Confirm with "yes".)

Skill      XL: |  1 |
---------------+----+-----
Axes           | 2 |  2.0
Fighting       | |  3.1
Armour         | |  2.8
Shields        | |  2.8

Action                   || total
-------------------------++-------
Melee: War axe           ||    13
Armor: Scale mail        ||     5
Dodge: Dodged            ||     5
Block: Buckler           ||     3

Levels and vault maps discovered:
D:1:      dpeg_arrival_boxorama, layout_loops_corners,
          shapermc_ecumenical_altar_ellora, minivault_25, minmay_misc_feat_five

Notes
Turn   | Place    | Note
-------+----------+-------------------------------------------
     0 | D:1      | GrayStillPlays the Demonspawn Fighter began the quest for
                  | the Orb.
     0 | D:1      | Reached XP level 1. HP: 18/18 MP: 1/1
     0 | D:1      | magus.rc [v1.9.6]
   120 | D:1      | Reached skill level 2 in Axes
   120 | D:1      | Gained mutation: A weak demonic guardian rushes to your
                  | aid. [demonic ancestry]
   120 | D:1      | Reached XP level 2. HP: 16/24 MP: 2/2
   120 | D:1      | Quit the game

Vanquished Creatures
  A ball python (D:1)
  An endoplasm (D:1)
  2 giant cockroaches (D:1)
  A hobgoblin (D:1)
  A kobold (D:1)
6 creatures vanquished.

Table legend:
 A = Non-vault XP
 B = Vault XP
 C = Vault XP percentage of total XP
 D = Non-vault monster count
 E = Vault monster count
 F = Vault count percentage of total count
                 A         B        C        D         E       F
            +---------+---------+-------+---------+---------+-------
      Total |      12 |       0 |   0.0 |       6 |       0 |   0.0
            +---------+---------+-------+---------+---------+-------
        D:1 |      12 |       0 |   0.0 |       6 |       0 |   0.0
            +---------+---------+-------+---------+---------+-------

Illustrated notes

Table legend:
 A = Kills in this place as a percentage of kills in entire the game.
 B = Kills by you in this place as a percentage of kills by you in the entire game.
 C = Kills by friends in this place as a percentage of kills by friends in the entire game.
 D = Other kills in this place as a percentage of other kills in the entire game.
 E = Experience gained in this place as a percentage of experience gained in the entire game.
 F = Experience gained in this place divided by the number of levels of this place that you have seen.
                   A       B       C       D       E      F
               +-------+-------+-------+-------+-------+----------------------
         Total | 100.0 | 100.0 |   N/A |   N/A | 100.0 |  12.0
       Dungeon | 100.0 | 100.0 |   N/A |   N/A | 100.0 |  12.0
               +-------+-------+-------+-------+-------+----------------------

Table legend: (Time is in decaauts)
 A = Elapsed time spent in this place.
 B = Non-inter-level travel time spent in this place.
 C = Inter-level travel time spent in this place.
 D = Time resting spent in this place.
 E = Time spent auto-exploring this place.
 F = Levels seen in this place.
 G = Mean time per level.
                   A        B        C        D        E       F      G
               +--------+--------+--------+--------+--------+-----+--------+
         Total |    125 |    125 |      0 |      0 |     97 |   1 |  125.0 |
       Dungeon |    125 |    125 |      0 |      0 |     97 |   1 |  125.0 |
               +--------+--------+--------+--------+--------+-----+--------+

Top non-repeatable levels by time:
     D:1: 125 daAuts
